 Dungeon Crawl Stone Soup version 0.31-a0-851-g7ff8af7976 (webtiles) character file.

Game seed: 16764336376620756681

9642 BinkBink the Fighter (level 11, -1/100 HPs)
             Began as a Minotaur Fighter on Oct 5, 2023.
             Was an Elder of the Shining One.
             Killed from afar by a gargoyle (14 damage)
             ... with a stone arrow
             ... on level 11 of the Dungeon.
             The game lasted 00:15:43 (10064 turns).

BinkBink the Fighter (Minotaur Fighter)            Turns: 10064, Time: 00:15:46

Health: -1/100     AC: 11    Str: 24    XL:     11   Next: 25%
Magic:  10/10      EV: 12    Int:  5    God:    the Shining One [****..]
Gold:   352        SH: 10    Dex: 11    Spells: 10/10 levels left

rFire   . . .        a - +6 war axe (freeze)
rCold   . . .        z - +0 kite shield
rNeg    + + +        b - +0 scale mail
rPois   .            (helmet restricted)
rElec   +            i - +0 cloak
rCorr   .            k - +0 pair of gloves
SInv    .            (no boots)
Will    .....        x - amulet of faith Stlth
                     E - ring "Uqomerah" {Drain rElec rN+ Slay+4}
HPRegen 0.36/turn    (no ring)
MPRegen 0.12/turn

%: faith
@: glowing
A: horns 2, retaliatory headbutt
a: Renounce Religion, Divine Shield, Cleansing Flame


You were on level 11 of the Dungeon.
You worshipped the Shining One.
The Shining One was greatly pleased with you.
You visited 1 branch of the dungeon, and saw 11 of its levels.
You also visited: Sewer.

You collected 352 gold pieces.

Inventory:

Hand Weapons
 a - a +6 war axe of freezing (weapon)
 g - a +0 orcbow
Armour
 b - a +0 scale mail (worn)
 i - a +0 cloak (worn)
 k - a +0 pair of gloves (worn)
 z - a +0 kite shield (worn)
Jewellery
 x - an amulet of faith (around neck)
 E - the ring "Uqomerah" (left hand) {Drain rElec rN+ Slay+4}
   (You found it on level 7 of the Dungeon)

   [ring of positive energy]

   Slay+4:    It affects your accuracy & damage with ranged weapons and melee
   (+4).
   rElec:     It insulates you from electricity.
   rN+:       It protects you from negative energy.
   Drain:     It drains your maximum health when unequipped.
Wands
 u - a wand of flame (37)
Scrolls
 c - 2 scrolls of noise
 f - a scroll of immolation
 j - 5 scrolls of revelation
 o - 8 scrolls of teleportation
 p - 3 scrolls of vulnerability
 q - 3 scrolls of enchant armour
 t - a scroll of poison
 y - 2 scrolls of brand weapon
 B - 5 scrolls of blinking
 C - a scroll of amnesia
 G - a scroll of silence {unknown}
 H - a scroll of fog {unknown}
Potions
 d - 4 potions of might
 e - a potion of invisibility {unknown}
 h - 2 potions of brilliance {unknown}
 l - 2 potions of berserk rage {unknown}
 m - 3 potions of lignification {unknown}
 n - 2 potions of mutation {unknown}
 r - 2 potions of resistance {unknown}
 s - 2 potions of degeneration {unknown}
 v - a potion of heal wounds
 w - 8 potions of curing
 A - 3 potions of attraction {unknown}
 D - 3 potions of haste
 F - a potion of enlightenment {unknown}


   Skills:
 + Level 10.2 Fighting
 + Level 9.5 Axes
 - Level 3.3 Ranged Weapons
 + Level 10.2 Armour
 + Level 8.5 Dodging
 + Level 9.8 Shields


You had 10 spell levels left.
You didn't know any spells.
Your spell library contained the following spells:

 Spells                   Type           Power      Damage    Failure   Level
 Magic Dart               Conj           0%         1d3       89%         1
 Sandblast                Erth           0%         2d4       89%         1
 Blink                    Tloc           0%         N/A       96%         2
 Call Imp                 Summ           0%         N/A       96%         2
 Passwall                 Tmut/Erth      0%         N/A       96%         2
 Scorch                   Fire           0%         2d5       96%         2
 Searing Ray              Conj           0%         2d4       96%         2
 Static Discharge         Conj/Air       0%         2-2/arc   96%         2
 Mephitic Cloud           Conj/Pois/Air  0%         N/A       99%         3
 Stone Arrow              Conj/Erth      0%         3d7       99%         3
 Airstrike                Air            0%         2d(0-16)  100%        4
 Brom's Barrelling Bould  Conj/Erth      0%         2d3       100%        4
 Flame Wave               Conj/Fire      0%         2d4       100%        4
 Fulminant Prism          Conj/Hex       0%         3d5       100%        4
 Manifold Assault         Tloc           0%         N/A       100%        4
 Summon Lightning Spire   Summ/Air       0%         N/A       100%        4
 Summon Cactus Giant      Summ           0%         N/A       100%        6


Dungeon Overview and Level Annotations

Branches:
Dungeon (11/15)            Temple (0/1) D:7            Lair (0/5) D:11
    Orc (0/2) D:9           Sewer (visited)

Altars:
Cheibriados
Dithmenos
Hepliaklqana
Makhleb
Nemelex Xobeh
Qazlal
Uskayaw
Vehumet
Xom
The Shining One

Shops:
D:3 =   D:6 =

Annotations:
D:5 1 runed translucent door, Beaer's ghost, weakling OpDe
D:9 2 transporters, exclusion: oklob plant, Nr616's ghost, novice GnSh
D:11 Snorg


Innate Abilities, Weirdness & Mutations

You have a pair of horns on your head.
You reflexively headbutt those who attack you in melee.


Message History

You slash the troll! You freeze the troll.
You kill the troll!
You slash Psyche! You freeze Psyche. You block Psyche's attack.
You slash Psyche! You freeze Psyche. You headbutt Psyche, but do no damage.
Psyche is severely wounded.
Psyche casts a spell.
A swirling arc of seething chaos appears!
The arc of chaos hits you.
The arc of chaos grounds out.
You slash Psyche! You freeze Psyche.
You kill Psyche!
Reactivating autopickup.
You barely miss Snorg. You headbutt Snorg.
Snorg is lightly wounded.
Snorg completely misses you. Snorg claws you. Snorg claws you!
You slice Snorg!! You freeze Snorg.
Snorg is moderately wounded.
Snorg bites you. Snorg claws you but does no damage. You block Snorg's attack.
Snorg barely misses you. Snorg claws you but does no damage.
Snorg closely misses you. The gargoyle hits you with a +0 mace!
You slash Snorg! You freeze Snorg.
Snorg is heavily wounded.
You hit the gargoyle but do no damage.
Snorg goes berserk!
The gargoyle misses you.
You completely miss Snorg. Your headbutt misses Snorg.
Snorg is heavily wounded.
You hit the gargoyle. You freeze the gargoyle. You block Snorg's attack.
Snorg claws you. Snorg claws you! The gargoyle closely misses you.
You slash Snorg! You freeze Snorg.
Snorg is severely wounded.
You slash the gargoyle! You freeze the gargoyle. Snorg bites you!
Snorg misses you. Snorg claws you!
* * * LOW HITPOINT WARNING * * *
Snorg barely misses you. You furiously retaliate!
You headbutt Snorg! Snorg claws you.
* * * LOW HITPOINT WARNING * * *
Snorg claws you!
* * * LOW HITPOINT WARNING * * *
The gargoyle hurls a stone arrow at you.
The stone arrow hits you!
You die...

### ##.# . ##..# ..
##.@.# ...
##..9T#####.T.....Y..
##.............#####..
#..............#####..
#...............#####..
#................#####..
#.................#####.@
......................)C.
........................


You could see Snorg (berserk) and a gargoyle.

Vanquished Creatures
  2 two-headed ogres
  A deep elf pyromancer (D:9)
  Joseph (D:7)
  Psyche (D:11)
  5 trolls
  A hornet (D:8)
  Sigmund (D:4)
  3 wyverns
  8 yaks (D:9)
  Eustachio (D:4)
  A wraith (D:10)
  Edmund (D:6)
  A water moccasin (D:7)
  Duvessa (D:4)
  A black bear (D:8)
  2 ice beasts
  5 orc warriors
  An ogre (D:7)
  4 centaurs
  A kobold brigand (D:10)
  6 bullfrogs
  2 gnoll sergeants (D:9)
  A scorpion (D:6)
  8 wights
  Dowan (D:4)
  3 killer bees (D:7)
  4 howler monkeys
  3 jellies
  3 hounds
  3 gnoll boudas
  6 orc priests
  2 sleepcaps
  Natasha (twice) (D:3)
  2 iguanas
  9 orc wizards
  24 gnolls
  6 river rats (Sewer)
  18 adders
  A shadow imp (D:8)
  3 white imps
  3 ufetubi
  A worm (D:3)
  2 dart slugs
  29 orcs
  9 endoplasms
  3 giant cockroaches (D:1)
  3 goblins
  12 hobgoblins
  5 jackals (D:1)
  6 quokkas
  26 ball pythons
  12 bats
  4 frilled lizards
  15 kobolds
  26 rats
305 creatures vanquished.

Notes
Turn   | Place    | Note
-------+----------+-------------------------------------------
     0 | D:1      | BinkBink the Minotaur Fighter began the quest for the Orb.
     0 | D:1      | Reached XP level 1. HP: 19/19 MP: 0/0
   143 | D:1      | Reached XP level 2. HP: 22/27 MP: 1/1
   375 | D:1      | Reached XP level 3. HP: 33/33 MP: 2/2
   646 | D:1      | Reached skill level 1 in Ranged Weapons
   934 | D:2      | Reached XP level 4. HP: 39/40 MP: 3/3
  1037 | D:2      | Reached skill level 1 in Dodging
  1609 | D:3      | Found a burning altar of Makhleb.
  1789 | D:3      | Reached XP level 5. HP: 47/47 MP: 4/4
  1872 | D:3      | Noticed Natasha
  1882 | D:3      | Killed Natasha
  1991 | D:3      | Found a glowing golden altar of the Shining One.
  2023 | D:3      | Noticed Natasha
  2029 | D:3      | Killed Natasha
  2043 | D:3      | Became a worshipper of the Shining One
  2095 | D:3      | Found Xiriewn's One-of-a-Kind Rings.
  2124 | D:3      | Found a faded altar of an unknown god.
  2229 | D:4      | Found a radiant altar of Vehumet.
  2268 | D:4      | Reached XP level 6. HP: 35/55 MP: 5/5
  2464 | D:4      | Noticed Eustachio
  2487 | D:4      | Killed Eustachio
  2488 | D:4      | Reached skill level 5 in Fighting
  2488 | D:4      | Reached skill level 5 in Armour
  2601 | D:4      | Noticed Duvessa
  2691 | D:4      | Killed Duvessa
  2692 | D:4      | Reached XP level 7. HP: 59/61 MP: 6/6
  2703 | D:4      | Noticed Dowan
  2723 | D:4      | Killed Dowan
  2963 | D:4      | Reached skill level 5 in Shields
  3109 | D:4      | Noticed Sigmund
  3125 | D:4      | Killed Sigmund
  3236 | D:5      | Entered Level 5 of the Dungeon
  3273 | D:5      | Found a runed translucent door.
  3274 | D:5      | Noticed Beaer's ghost (weakling OpDe)
  3495 | D:5      | Reached XP level 8. HP: 49/70 MP: 7/7
  3779 | D:5      | Found a glowing drain.
  3794 | Sewer    | Entered a sewer
  3814 | Sewer    | Reached skill level 5 in Axes
  4024 | Sewer    | Reached * piety under the Shining One
  4361 | D:5      | Found a hide-covered altar of Uskayaw.
  4808 | D:6      | Reached skill level 5 in Dodging
  4907 | D:6      | Found Nakk's Jewellery Emporium.
  5150 | D:6      | Found a sparkling altar of Nemelex Xobeh.
  5178 | D:6      | Found a stormy altar of Qazlal.
  5505 | D:6      | Noticed Edmund
  5522 | D:6      | Killed Edmund
  5523 | D:6      | Reached XP level 9. HP: 59/79 MP: 8/8
  5802 | D:6      | Found a snail-covered altar of Cheibriados.
  6190 | D:7      | Noticed Joseph
  6554 | D:7      | Found a shadowy altar of Dithmenos.
  6569 | D:7      | Found a hazy altar of Hepliaklqana.
  6601 | D:7      | Identified the ring "Uqomerah" {Drain rElec rN+ Slay+4}
  6679 | D:7      | Found a staircase to the Ecumenical Temple.
  6735 | D:7      | Killed Joseph
  6775 | D:7      | Noticed a troll
  6782 | D:7      | Killed a troll
  7229 | D:8      | Found the +8 Wrath of Trog {antimagic, *Rage Rampage}
  7354 | D:8      | Reached ** piety under the Shining One
  7359 | D:8      | Reached XP level 10. HP: 90/90 MP: 9/9
  8125 | D:9      | Noticed a two-headed ogre
  8131 | D:9      | Killed a two-headed ogre
  8487 | D:9      | Noticed a deep elf pyromancer
  8503 | D:9      | Killed a deep elf pyromancer
  8616 | D:9      | Reached *** piety under the Shining One
  8784 | D:9      | Found a transporter.
  8786 | D:9      | Found a transporter.
  8787 | D:9      | Noticed a boulder beetle
  8804 | D:9      | Noticed a brown ugly thing
  8804 | D:9      | Noticed Nr616's ghost (novice GnSh)
  8819 | D:9      | Noticed an oklob plant
  8907 | D:9      | Reached XP level 11. HP: 78/99 MP: 10/10
  9034 | D:9      | Found a staircase to the Orcish Mines.
  9099 | D:10     | Entered Level 10 of the Dungeon
  9195 | D:10     | Reached skill level 10 in Fighting
  9286 | D:10     | Found a shimmering altar of Xom.
  9662 | D:10     | Reached skill level 10 in Armour
  9972 | D:11     | Noticed a two-headed ogre
  9974 | D:11     | Found a staircase to the Lair.
  9976 | D:11     | Reached **** piety under the Shining One
  9979 | D:11     | Killed a two-headed ogre
  9979 | D:11     | Noticed Psyche
  9980 | D:11     | Noticed Snorg
 10058 | D:11     | Killed Psyche
 10064 | D:11     | Killed from afar by a gargoyle

Illustrated notes

Levels and vault maps discovered:
D:1:      dpeg_arrival_three_smaller_balls, layout_basic, minmay_pentomino_w4
D:2:      layout_loops_cross
D:3:      layout_rooms, general_overflow_altar, lemuel_doored_altar,
          dreamdust_ecumenical_altar_grove, chequers_serial_rivers_micro_a,
          nicolae_shop_unique_rings, minmay_misc_feat_plants,
          minmay_joined_circles, uniq_natasha
D:4:      layout_gridville, mainiacjoe_overflow_six_doors_small, uniq_duvessa,
          uniq_sigmund, uniq_eustachio
D:5:      cheibrodos_helix_gallery, layout_loops_corners,
          mainiacjoe_overflow_alcove_2, portal_sewer_entry_d,
          ebering_ghost_reflecting_pool
D:6:      layout_gridville, nemelex_spade_bored_becter,
          nicolae_qazlal_general_emergency, cheibriados_altar_1, serial_shops,
          nicolae_shop_statue_plus, uniq_edmund
D:7:      layout_basic, grunt_dithmenos_smoke, nicolae_overflow_hidden_temple,
          temple_green, kennysheep_decorative_pillar, uniq_joseph
D:8:      nicolae_cairo_tiling_large_dashed, layout_basic
D:9:      layout_small_grid, orc_0_dummy, nzn_ghost_randoct
D:10:     layout_basic, xom_teletrap_fun, serial_corexii_hall,
          chequers_hall_statues_corner_a, corexii_hall_statues_t,
          chequers_hall_statues_wall_a, corexii_hall_statues_i
D:11:     layout_big_octagon, uniq_psyche, uniq_snorg, uniq_erolcha

Skill      XL: |  1  2  3  4  5  6  7  8  9 10 11 |
---------------+----------------------------------+-----
Armour         | 4 5 6 7 8 9 10 | 10.2
Shields        | 4 5 6 8 9 |  9.8
Fighting       | 4 5 6 7 8 9 10 | 10.2
Ranged Weapons | 1 2 3 |  3.3
Dodging        | 1 2 3 4 5 6 8 |  8.5
Axes           | 3 4 6 7 9 |  9.5

Action                     |  1- 3 |  4- 6 |  7- 9 | 10-12 || total
---------------------------+-------+-------+-------+-------++-------
  Melee: War axe           |    83 |   151 |   287 |   140 ||   661
         Headbutt          |     9 |    22 |    52 |    31 ||   114
    Use: Scroll            |       |       |    19 |     2 ||    21
 Armour: Scale mail        |    45 |   111 |   222 |   101 ||   479
  Dodge: Dodged            |    42 |    85 |   165 |    63 ||   355
  Block: Buckler           |    14 |    31 |     6 |       ||    51
         Kite shield       |       |       |   155 |    80 ||   235

Table legend: (Time is in decaauts)
 A = Elapsed time spent in this place.
 B = Non-inter-level travel time spent in this place.
 C = Inter-level travel time spent in this place.
 D = Time resting spent in this place.
 E = Time spent auto-exploring this place.
 F = Levels seen in this place.
 G = Mean time per level.
                   A        B        C        D        E       F      G
               +--------+--------+--------+--------+--------+-----+--------+
         Total |  10310 |   9986 |    324 |    317 |   7848 |  12 |  859.2 |
       Dungeon |   9907 |   9583 |    324 |    317 |   7581 |  11 |  900.6 |
         Sewer |    402 |    402 |      0 |      0 |    266 |   1 |  402.0 |
               +--------+--------+--------+--------+--------+-----+--------+

Top non-repeatable levels by time:
     D:6: 1701 daAuts
     D:9: 1131 daAuts
     D:5: 1065 daAuts
     D:4: 1051 daAuts
    D:10: 928 daAuts
     D:1: 884 daAuts
     D:7: 877 daAuts
     D:8: 824 daAuts
     D:2: 704 daAuts
     D:3: 699 daAuts
   Sewer: 402 daAuts
    D:11: 41 daAuts
